 Dungeon Crawl Stone Soup version 0.24.0-2-g5b39cebb1c (webtiles) character file.

Game seed: 9380602466573718281, levelgen mode: deterministic

24 inmateoo the Scratcher (level 2, 0/12 HPs)
             Began as a Felid Transmuter on Oct 31, 2019.
             Slain by a bat (1 damage)
             ... on level 2 of the Dungeon.
             The game lasted 00:00:58 (382 turns).

inmateoo the Scratcher (Felid Transmuter)            Turns: 382, Time: 00:00:58

Health: 0/12       AC:  1    Str:  6    XL:     2   Next: 79%
Magic:  6/6        EV: 18    Int: 14    God:
Gold:   27         SH:  0    Dex: 16    Spells: 4/5 levels left
                                        Lives:  0   Deaths: 0

rFire    . . .     SeeInvis +     - Unarmed
rCold    . . .     Gourm    .   (shield unavailable)
rNeg     . . .     Faith    .   (armour unavailable)
rPois    .         Spirit   .   (helmet unavailable)
rElec    .         Reflect  .   (cloak unavailable)
rCorr    .         Harm     .   (gloves unavailable)
MR       .....                  (boots unavailable)
Stlth    ++........             (no amulet)
HPRegen  0.04/turn              (no ring)
MPRegen  0.10/turn              (no ring)

@: quick
A: very small, no armour, no weapons or thrown items, stealth, claws 1, fangs 3,
see invisible, carnivore, speed 1, shaggy fur 1, slow metabolism 1, sharp paws
a: no special abilities


You were on level 2 of the Dungeon.
You were not hungry.

You visited 1 branch of the dungeon, and saw 2 of its levels.

You collected 27 gold pieces.

Inventory:

Missiles
 a - 51 arrows
Scrolls
 d - 2 scrolls of identify {unknown}
Potions
 b - a potion of lignification {unknown}
 e - a potion of haste {unknown}
Comestibles
 c - 3 rations


   Skills:
 + Level 1.2 Fighting
 + Level 2.9 Dodging
 + Level 1.2 Stealth
 * Level 3.4 Unarmed Combat
 + Level 2.1 Spellcasting
 + Level 2.4 Transmutations


You had 4 spell levels left.
You knew the following spells:

 Your Spells              Type           Power        Failure   Level  Hunger
a - Beastly Appendage     Tmut           #.....       9%          1    ##.....

Your spell library contained the following spells:

 Spells                   Type           Power        Failure   Level  Hunger
 Sticks to Snakes         Tmut           #.......     13%         2    ###....
 Spider Form              Tmut/Pois      #.........   41%         3    ####...
 Ice Form                 Ice/Tmut       #.......     82%         4    #####..
 Blade Hands              Tmut           #.........   94%         5    ######.


Dungeon Overview and Level Annotations

Branches:
Dungeon (2/15)

Altars:

Annotations:
D:2 Robin


Innate Abilities, Weirdness & Mutations

You cannot wear armour.
You are incapable of wielding weapons or throwing items.
Your paws allow you to move quietly. (Stealth)
You have sharp claws.
You have razor-sharp teeth.
You have supernaturally acute eyesight. (SInv)
You are carnivorous and can eat meat at any time.
You cover ground quickly.
You are covered in fur. (AC +1)
You have a slow metabolism.
Your sharp claws are effective at attacking unaware monsters.


Message History

Unknown command.
The hobgoblin shouts!
The bat barely misses you.
Unknown command.
The bat barely misses you. The jackal barely misses you.
The bat barely misses you. Robin throws the goblin at you!
The goblin misses you.
Unknown command.
Robin roars a battlecry!
The goblins go into a battle-frenzy!
Found a stone staircase leading up.
Unknown command.
The goblin shouts!
The bat completely misses you. The bat completely misses you. The bat hits you.
* * * LOW HITPOINT WARNING * * *
An adder comes into view.
The bat hits you.
You die...

#.#.#.g.g.g......
###.#.#.g..<.......
........g.....l...
#.#.##g#.........
#......g......... S
#...gh##.#######.
...##.....##.#
.......b...#.#
...##..@..##.#
#.#.####.# .....#
#.# ..##.#.# .# ..
..... . .. ... ...
... ... .....


You could see an adder (sleeping), a jackal, 2 hobgoblins, 2 goblins and a bat.

Vanquished Creatures
  An ooze (D:1)
  2 goblins (D:1)
  4 hobgoblins (D:1)
  4 jackals (D:1)
  2 bats (D:1)
  2 frilled lizards (D:1)
  3 rats (D:1)
18 creatures vanquished.

Notes
Turn   | Place    | Note
-------+----------+-------------------------------------------
     0 | D:1      | inmateoo the Felid Transmuter began the quest for the Orb.
     0 | D:1      | Reached XP level 1. HP: 9/9 MP: 4/4
   132 | D:1      | Reached XP level 2. HP: 12/12 MP: 6/6
   290 | D:1      | Reached skill level 1 in Stealth
   374 | D:2      | Noticed Robin
   382 | D:2      | Slain by a bat

Levels and vault maps discovered:
D:1:      dpeg_arrival_arbitrary_c, layout_loops_cross, minmay_statues_item
D:2:      layout_basic, led_sif_pool, chequers_ecumenical_altar_simple,
          uniq_robin

Skill      XL: |  1  2 |
---------------+-------+-----
Stealth        | 1 |  1.2
Fighting       | |  1.2
Dodging        | |  2.9
Unarmed Combat | |  3.4
Spellcasting   | |  2.1
Transmutations | |  2.4

Action                   || total
-------------------------++-------
Melee: Unarmed           ||    49
       Bite              ||     6
       Punch             ||     2
       Headbutt          ||     2
 Cast: Beastly Appendage ||     4
 Stab: Sleeping          ||     3
Armor: Skin              ||     4
Dodge: Dodged            ||    51
